 Dungeon Crawl Stone Soup version 0.30-a0-52-g86a8295270 (webtiles) character file.

Game seed: 5784501526760496840

273 Newt the Shooter (level 6, -5/38 HPs)
             Began as a Kobold Hunter on Sept 6, 2022.
             Slain by a gnoll
             ... wielding a +0 whip
              (8 damage)
             ... on level 2 of the Dungeon.
             The game lasted 00:02:40 (1956 turns).

Newt the Shooter (Kobold Hunter)                    Turns: 1956, Time: 00:02:41

Health: -5/38      AC:  3    Str:  9    XL:     6   Next: 48%
Magic:  6/6        EV: 16    Int: 10    God:
Gold:   1029       SH:  0    Dex: 20    Spells: 5/5 levels left

rFire   . . .      SeeInvis .    a - +1 shortbow
rCold   . . .      Faith    .    (shield currently unavailable)
rNeg    . . .      Spirit   .    c - +0 leather armour
rPois   .          Reflect  .    (no helmet)
rElec   .          Harm     .    (no cloak)
rCorr   .          Rampage  .    (no gloves)
Will    .....                    (no boots)
Stlth   +++.......               (no amulet)
HPRegen 0.12/turn                (no ring)
MPRegen 0.10/turn                (no ring)

@: about to teleport
A: small, no large weapons, nightstalker 3
a: no special abilities


You were on level 2 of the Dungeon.
You visited 1 branch of the dungeon, and saw 2 of its levels.

You collected 1029 gold pieces.

Inventory:

Hand Weapons
 a - a +1 shortbow (weapon)
Armour
 c - a +0 leather armour (worn)
Scrolls
 b - a scroll of immolation
 l - a scroll of summoning {unknown}
Potions
 d - a potion of brilliance {unknown}
 e - a potion of resistance {unknown}
 f - 4 potions of attraction
 g - a potion of lignification {unknown}
 h - a potion of curing {unknown}
 i - a potion of ambrosia {unknown}
 j - a potion of invisibility {unknown}
 k - a potion of flight {unknown}
 m - a potion of mutation {unknown}


   Skills:
 - Level 4.0 Fighting
 - Level 7.0 Ranged Weapons
 + Level 2.1 Armour
 - Level 4.0 Dodging
 - Level 1.3 Stealth


You had 5 spell levels left.
You didn't know any spells.
Your spell library was empty.

Dungeon Overview and Level Annotations

Branches:
Dungeon (2/15)

Altars:


Innate Abilities, Weirdness & Mutations

You are small and have problems with some larger weapons.
You are completely attuned to the shadows.


Message History

The gnoll shouts!
The gnoll is moderately wounded.
You shoot an arrow. The arrow closely misses the gnoll.
You shoot an arrow. The arrow barely misses the gnoll. x2
The gnoll hits you with a +1 flail of protection.
The gnoll barely misses you.
You shoot an arrow. The arrow hits the gnoll.
The gnoll is heavily wounded.
The gnoll misses you. The gnoll closely misses you.
You shoot an arrow. The arrow hits the gnoll.
The gnoll is heavily wounded.
The gnoll misses you.
You shoot an arrow. The arrow hits the gnoll!
You kill the gnoll!
You shoot an arrow. The arrow hits the gnoll!
The gnoll is severely wounded.
You shoot an arrow. The arrow barely misses the gnoll.
The arrow hits the gnoll.
The gnoll is moderately wounded.
The gnoll hits you with a +0 whip. The gnoll barely misses you.
The gnoll hits you from afar with a +0 halberd!
You are too injured to fight recklessly!
You are too injured to fight recklessly!
You are too injured to fight recklessly!
You are too injured to fight recklessly!
Fire: a) +1 shortbow
Press: ? - help, Shift-Dir - straight line, f - gnoll, p - gnoll
Aim: a gnoll, wielding a +0 spear (moderately wounded, 71% to hit)
You shoot an arrow. The arrow closely misses the gnoll.
The arrow hits the gnoll!
The gnoll is severely wounded.
The gnoll hits you from afar with a +0 halberd!
* * * LOW HITPOINT WARNING * * *
The gnoll completely misses you.
As you read the scroll of teleportation, it crumbles to dust.
You feel strangely unstable. The gnoll misses you.
The gnoll hits you with a +0 whip.
* * * LOW HITPOINT WARNING * * *
The gnoll attacks as you move away! The gnoll hits you with a +0 whip!
You die...

##########
#.........
##†########
#......,,,,
#..##.#****
########...#,.,,,,
#........#.####***
#.######......# #
#@# #.####.# # #g#
#.# #.# # #)# #.#
#.# # *#g#*
#.####.####
****##.g.##
#........†.
*,,,,.....*
######.####
*,**##....# #.# #
*,* *#.#,* #.# *,*
#<#,* #.#


You could see 3 gnolls.

Vanquished Creatures
  Sigmund (D:2)
  Jessica (D:2)
  Terence (D:2)
  A gnoll (D:2)
  3 worms (D:2)
  A dart slug (D:2)
  2 endoplasms
  2 giant cockroaches
  9 goblins
  2 hobgoblins
  2 jackals (D:2)
  4 kobolds
  2 quokkas (D:1)
  3 ball pythons (D:1)
  4 bats
  6 rats
44 creatures vanquished.

Notes
Turn   | Place    | Note
-------+----------+-------------------------------------------
     0 | D:1      | Newt the Kobold Hunter began the quest for the Orb.
     0 | D:1      | Reached XP level 1. HP: 12/12 MP: 1/1
   328 | D:1      | Reached XP level 2. HP: 18/18 MP: 2/2
   599 | D:1      | Reached XP level 3. HP: 23/23 MP: 3/3
   634 | D:1      | Found a faded altar of an unknown god.
  1340 | D:2      | Noticed Terence
  1341 | D:2      | Identified a scroll of acquirement
  1341 | D:2      | Acquired 957 gold pieces
  1347 | D:2      | Killed Terence
  1348 | D:2      | Reached XP level 4. HP: 21/29 MP: 4/4
  1554 | D:2      | Reached skill level 6 in Ranged Weapons
  1596 | D:2      | Noticed Jessica
  1597 | D:2      | Killed Jessica
  1674 | D:2      | Reached XP level 5. HP: 32/33 MP: 5/5
  1684 | D:2      | Noticed Sigmund
  1694 | D:2      | Killed Sigmund
  1695 | D:2      | Reached skill level 7 in Ranged Weapons
  1695 | D:2      | Reached skill level 1 in Armour
  1695 | D:2      | Reached XP level 6. HP: 30/38 MP: 6/6
  1956 | D:2      | Slain by a gnoll

Illustrated notes

Levels and vault maps discovered:
D:1:      dpeg_arrival_water_temple_mockup, layout_basic,
          dilly_ecumenical_altar_fadedgnrine, grunt_decor_fettered
D:2:      layout_loops_ring, uniq_sigmund, uniq_terence, uniq_jessica

Skill      XL: |  1  2  3  4  5  6 |
---------------+-------------------+-----
Fighting       | 3 4 |  4.0
Ranged Weapons | 6 7 |  7.0
Dodging        | 4 |  4.0
Armour         | 1 2 |  2.1
Stealth        | |  1.3

Action                   |  1- 3 |  4- 6 || total
-------------------------+-------+-------++-------
 Fire: Shortbow          |    51 |    58 ||   109
  Use: Scroll            |     6 |     1 ||     7
Armor: Leather armour    |     7 |     1 ||     8
Dodge: Dodged            |    24 |    20 ||    44

Table legend: (Time is in decaauts)
 A = Elapsed time spent in this place.
 B = Non-inter-level travel time spent in this place.
 C = Inter-level travel time spent in this place.
 D = Time resting spent in this place.
 E = Time spent auto-exploring this place.
 F = Levels seen in this place.
 G = Mean time per level.
                   A        B        C        D        E       F      G
               +--------+--------+--------+--------+--------+-----+--------+
         Total |   1982 |   1928 |     54 |      2 |   1701 |   2 |  991.0 |
       Dungeon |   1982 |   1928 |     54 |      2 |   1701 |   2 |  991.0 |
               +--------+--------+--------+--------+--------+-----+--------+

Top non-repeatable levels by time:
     D:1: 1274 daAuts
     D:2: 708 daAuts
